 Dungeon Crawl Stone Soup version 0.27.0-1-g7a089689b8 (webtiles) character file.

Game seed: 9144870409689545686

38 nxtlvl the Poker (level 3, 0/27 HPs)
             Began as a Human Gladiator on Aug 17, 2021.
             Slain by an adder (1 damage)
             ... on level 2 of the Dungeon.
             The game lasted 00:04:37 (500 turns).

nxtlvl the Poker (Human Gladiator)                   Turns: 500, Time: 00:04:37

Health: 0/27       AC:  5    Str: 14    XL:     3   Next: 65%
Magic:  3/3        EV: 12    Int:  9    God:
Gold:   67         SH:  0    Dex: 14    Spells: 2/2 levels left

rFire    . . .     SeeInvis .   a - +0 trident
rCold    + . .     Faith    .   (no shield)
rNeg     . . .     Spirit   .   c - +0 leather armour
rPois    .         Reflect  .   d - +0 helmet
rElec    .         Harm     .   (no cloak)
rCorr    .         Rampage  .   (no gloves)
Will     .....                  e - +0 pair of boots
Stlth    +.........             (no amulet)
HPRegen  0.09/turn              p - ring of protection from cold
MPRegen  0.08/turn              (no ring)

@: lethally poisoned (0 -> -6)
A: no striking features
a: no special abilities


You were on level 2 of the Dungeon.
You visited 1 branch of the dungeon, and saw 2 of its levels.

You collected 67 gold pieces.

Inventory:

Hand Weapons
 a - a +0 trident (weapon)
Missiles
 g - 2 silver javelins (quivered)
 j - 15 sling bullets
 l - 60 stones
Armour
 c - a +0 leather armour (worn)
 d - a +0 helmet (worn)
 e - a +0 pair of boots (worn)
Magical Staves
 m - a staff of death
Jewellery
 p - a ring of protection from cold (left hand)
Scrolls
 f - a scroll of immolation {unknown}
 h - a scroll of amnesia {unknown}
 i - 2 scrolls of identify {unknown}
 k - a scroll of magic mapping {unknown}
 n - a scroll of brand weapon {unknown}
Potions
 o - a potion of might {unknown}


   Skills:
 - Level 2.0 Fighting
 * Level 4.4 Polearms
 - Level 2.0 Throwing
 - Level 3.0 Dodging


You had 2 spell levels left.
You didn't know any spells.
Your spell library contained the following spells:

 Spells                   Type           Power      Damage    Failure   Level
 Summon Guardian Golem    Hex/Summ       0%         N/A       83%         3
 Orb of Destruction       Conj           0%         N/A       100%        7
 Spellforged Servitor     Conj/Summ      0%         N/A       100%        7


Dungeon Overview and Level Annotations

Branches:
Dungeon (2/15)

Altars:

Annotations:
D:2 exclusion: adder


Message History

A hobgoblin comes into view.
Found a scroll labelled TESINEESKIWN.
Found a stone staircase leading down.
An adder comes into view.
The adder hisses angrily.
A hobgoblin comes into view.
Things that are here:
a bat corpse; a jackal corpse The adder bites you but does no damage.
Reach: a) +0 trident
Press: ? - help, Dir - move target, f - adder
Aim: an adder (about 58% to evade your +0 trident)
You barely miss the adder. The adder closely misses you.
Throw: throwing net
Press: ? - help, Q - select action, (/) - cycle Shift-Dir - straight line, f/p - adder
Aim: an adder (42% to hit)
You throw a throwing net.
The throwing net barely misses the adder.
The adder closely misses you.
You barely miss the adder. The adder bites you.
You are poisoned.
The adder poisons you! The adder bites you.
You hit the adder but do no damage.
* * * LOW HITPOINT WARNING * * *
You feel sick. The adder misses you.
You closely miss the adder.
You feel sick. The adder barely misses you. The adder closely misses you.
You puncture the adder!
The adder is almost dead.
You feel sick. The adder closely misses you.
You barely miss the adder.
The adder is almost dead.
You feel sick. The adder bites you.
* * * LOW HITPOINT WARNING * * *
You are lethally poisoned!
The adder poisons you!
You closely miss the adder.
The adder is almost dead.
* * * LOW HITPOINT WARNING * * *
You feel sick. The adder bites you.
You die...

#####.....# #...#.....# #
#.........###.# #.............#
##.##.#.#...## #.. ##
#....(..## #.g###. #..#gg#...#
.......###..##S# #..
........##..##@# ##.........#
.....#......##.### #..........
.?.......#.###...####..........
...........####................
.........###.....####..........
.>.........#.###.## #..........
.............###..####........#
............##.....#.........#
.##.........#.............####


You could see an adder and 2 hobgoblins.

Vanquished Creatures
  2 adders (D:2)
  2 endoplasms
  A giant cockroach (D:2)
  2 goblins (D:1)
  4 hobgoblins (D:1)
  A jackal (D:2)
  A kobold (D:1)
  4 ball pythons
  A bat (D:2)
  A rat (D:2)
19 creatures vanquished.

Notes
Turn   | Place    | Note
-------+----------+-------------------------------------------
     0 | D:1      | nxtlvl the Human Gladiator began the quest for the Orb.
     0 | D:1      | Reached XP level 1. HP: 16/16 MP: 1/1
   106 | D:1      | Reached XP level 2. HP: 14/22 MP: 2/2
   372 | D:2      | Reached skill level 4 in Polearms
   372 | D:2      | Reached XP level 3. HP: 15/27 MP: 3/3
   500 | D:2      | HP: 1/27 [poisoned by an adder]
   500 | D:2      | Slain by an adder

Illustrated notes

Levels and vault maps discovered:
D:1:      dpeg_arrival_simpleton_c, layout_loops_ring
D:2:      layout_rooms, serial_park_tiny_1, st_stairs_12

Skill      XL: |  1  2 |
---------------+-------+-----
Polearms       | 4 |  4.4
Fighting       | |  2.0
Throwing       | |  2.0
Dodging        | |  3.0

Action                   || total
-------------------------++-------
Melee: Trident           ||    86
Throw: Stone             ||     3
       Throwing net      ||     4
 Stab: Held in net/web   ||     1
Armor: Leather armour    ||    19
Dodge: Dodged            ||    42
